Map: Neon Violet Square LE

Players

Infamous

  • Race: Protoss Protoss
  • League: Silver
  • Spawn Location: 11:00

RUDCHYTV - Winner!

  • Race: Protoss Protoss
  • Spawn Location: 5:00

VOD

Have the link to the VOD?

Description

Time

  • Played on: March 19, 2018, 8:54 p.m.
  • Length: 13:26
Show
View Real Time Build Order
Export as new Build Order

Infamous Protoss 

Build Orders:  

Get SALT Encoding   

  12  0:00  Probe  
  13  0:13  Probe  
  14  0:19  Pylon  
  14  0:26  Probe  
  15  0:40  Probe, Gateway  
  16  0:52  Probe (Chrono Boost)  
  16  0:55  Assimilator  
  17  1:08  Probe (Chrono Boost)  
  18  1:13  Pylon  
  19  1:18  Probe (Chrono Boost)  
  19  1:30  Cybernetics Core  
  19  1:31  Probe  
  20  1:46  Probe  
  21  1:54  Assimilator  
  21  1:55  Pylon  
  21  2:04  Warp Gate (Chrono Boost)  
  21  2:10  Probe  
  22  2:22  Adept  
  24  2:28  Robotics Facility  
  24  2:29  Probe  
  24  2:47  Probe  
  24  2:50  Pylon  
  25  3:07  Probe  
  25  3:11  Pylon  
  26  3:13  Forge, Nexus  
  26  3:15  Observer (Chrono Boost)  
  27  3:22  Probe  
  28  3:38  Gateway  
  28  3:40  Probe  
  29  3:49  Gateway  
  29  3:54  Shield Battery  
  29  4:00  Photon Cannon  
  29  4:08  Warp Prism (Chrono Boost)  
  31  4:12  Sentry  
  33  4:19  Probe  
  34  4:25  Probe  
  35  4:36  Sentry  
  37  4:48  Probe x2  
  37  4:49  Gateway  
  39  4:58  Stalker  
  32  5:06  Stalker  
  31  5:16  Stalker  
  33  5:24  Probe  
  34  5:29  Assimilator  
  34  5:31  Zealot x2  
  34  5:36  Probe  
  34  5:41  Zealot  
  29  5:52  Sentry  
  29  5:53  Sentry  
  29  6:01  Pylon  
  29  6:06  Stalker  
  29  6:25  Stalker x2  
  29  6:30  Stalker  
  35  6:43  Probe  
  35  6:44  Probe  
  37  6:50  Stalker x2  
  41  6:55  Adept x2  
  45  7:05  Probe x2  
  47  7:14  Immortal  
  51  7:19  Zealot x4  
  57  7:37  Gateway  
  57  7:39  Gateway  
  57  7:47  Zealot x2  
  55  7:57  Protoss Ground Armor Level 1 (Chrono Boost)  
  55  7:59  Probe x2  
  57  8:07  Sentry  
  57  8:08  Zealot  
  57  8:29  Immortal  
  61  8:38  Stalker  
  61  8:40  Zealot x2  
  67  8:57  Probe x2  
  69  9:10  Stalker  
  69  9:11  Stalker  
  69  9:16  Zealot x2  
  67  9:39  Stalker x2  
  67  9:41  Zealot  
  67  9:42  Zealot  
  65  10:00  Stalker  
  65  10:01  Zealot x2  
  51  10:17  Stalker  
  51  10:19  Zealot x2  
  39  10:29  Probe x2  
  39  10:32  Zealot  
  37  10:43  Stalker  
  37  10:44  Stalker  
  37  10:46  Probe  
  42  10:53  Probe  
  42  10:57  Zealot  
  45  10:58  Probe  
  44  11:13  Twilight Council  
  44  11:18  Zealot x2  
  48  11:25  Pylon  
  48  11:27  Probe x2  
  50  11:33  Zealot  
  50  11:34  Zealot  
  54  11:47  Probe (Chrono Boost)  
  54  11:48  Probe (Chrono Boost)  
  56  11:59  Adept x4  
  62  12:26  Stalker  
  62  12:27  Zealot x3  
  62  12:28  Zealot x2  
  74  12:43  Probe x2, Assimilator  
  70  13:08  Zealot x3  
  70  13:13  Stalker  
  70  13:14  Nexus  
  70  13:17  Pylon  
  52  13:20  Zealot  
  52  13:21  Zealot  
Show
View Real Time Build Order
Export as new Build Order

RUDCHYTV Protoss - Winner!

Build Orders:  

Get SALT Encoding   

  12  0:10  Pylon  
  12  0:17  Probe  
  13  0:30  Gateway  
  13  0:32  Probe  
  14  0:52  Gateway  
  14  0:56  Probe  
  15  1:04  Assimilator  
  15  1:08  Probe  
  16  1:26  Cybernetics Core  
  16  1:30  Probe  
  17  1:42  Probe  
  18  1:54  Probe  
  18  1:58  Pylon  
  19  2:03  Adept  
  19  2:04  Adept  
  23  2:08  Assimilator  
  23  2:17  Probe  
  24  2:23  Gateway  
  24  2:29  Probe  
  25  2:41  Probe, Adept (Chrono Boost)  
  25  2:42  Adept (Chrono Boost)  
  30  2:48  Twilight Council  
  30  2:53  Probe  
  31  3:19  Resonating Glaives (Chrono Boost)  
  31  3:20  Shield Battery  
  31  3:25  Pylon  
  31  3:42  Warp Gate (Chrono Boost)  
  31  3:43  Adept x3  
  37  3:51  Probe  
  38  4:03  Probe  
  39  4:10  Robotics Facility  
  39  4:30  Forge  
  39  5:26  Pylon  
  39  5:28  Adept  
  39  5:29  Pylon, Nexus  
  39  5:33  Pylon  
  39  5:34  Probe  
  38  5:36  Zealot  
  38  5:44  Zealot  
  38  5:46  Probe  
  41  5:55  Zealot  
  41  6:10  Charge (Chrono Boost)  
  37  6:45  Adept  
  37  6:51  Probe (Chrono Boost)  
  37  6:52  Pylon  
  38  6:58  Pylon  
  38  7:01  Probe (Chrono Boost), Assimilator  
  37  7:06  Immortal (Chrono Boost), Probe (Chrono Boost)  
  39  7:17  Probe  
  40  7:27  Gateway x2  
  40  7:30  Probe  
  40  7:36  Zealot  
  40  7:37  Zealot x2  
  40  7:38  Immortal  
  43  7:46  Probe  
  43  7:58  Probe, Photon Cannon  
  42  8:03  Zealot  
  42  8:05  Zealot x2  
  46  8:21  Probe (Chrono Boost)  
  46  8:26  Photon Cannon  
  47  8:31  Probe (Chrono Boost), Immortal (Chrono Boost)  
  47  8:33  Protoss Ground Weapons Level 1 (Chrono Boost)  
  52  8:36  Probe (Chrono Boost)  
  53  8:45  Adept  
  53  8:46  Adept  
  53  8:47  Probe  
  58  8:52  Adept  
  60  8:59  Probe  
  61  9:07  Zealot  
  63  9:10  Photon Cannon  
  63  9:16  Probe  
  64  9:22  Zealot  
  64  9:26  Zealot  
  64  9:28  Probe  
  53  9:48  Zealot x2  
  53  9:49  Zealot  
  57  9:53  Zealot  
  57  10:05  Zealot  
  49  10:14  Zealot  
  49  10:15  Zealot  
  49  10:20  Zealot x2  
  49  10:22  Zealot  
  49  10:27  Zealot  
  53  10:29  Zealot  
  51  10:46  Probe  
  52  10:51  Zealot  
  52  10:52  Zealot  
  52  10:53  Zealot x2  
  60  10:58  Probe  
  61  11:10  Probe  
  62  11:22  Pylon  
  62  11:24  Pylon  
  62  11:25  Immortal  
  66  12:02  Zealot x2  
  66  12:03  Zealot x2  
  66  12:04  Zealot  
  74  12:31  Pylon  
  74  12:49  Sentry  
  74  12:50  Sentry  
  78  12:51  Zealot  
  78  12:52  Zealot x2  
  68  13:26  Zealot x2  
Tags
 
League
Silver
Matchup
PvP
Replay Pack
Last Remnant (2)
Spawn Locations
Cross Positions
Add a new tag
Caveats
  • Supply blocks, unpowered buildings, or Contaminate may cause inaccurate times.
  • Supply counts are checked every 10 seconds.